 Dungeon Crawl Stone Soup version 0.30.1 (webtiles) character file.

Game seed: 3927923268405471102

32690 cdecastro the Nimble (level 13, -1/105 HPs)
             Began as a Black Draconian Transmuter on July 2, 2023.
             Was an Elder of Wu Jian.
             Slain by a vault guard simulacrum (29 damage)
             ... on level 14 of the Dungeon.
             The game lasted 00:46:54 (20737 turns).

cdecastro the Nimble (Black Draconian Transmuter)  Turns: 20737, Time: 00:46:55

Health: -1/105     AC:  8    Str: 14    XL:     13   Next: 32%
Magic:  19/23      EV: 17    Int: 19    God:    Wu Jian [****..]
Gold:   733        SH:  5    Dex: 12    Spells: 6/26 levels left

rFire   . .          .
                       - Unarmed
rCold   . . .        q - melded orb {light}
rNeg    . . .        (body armour unavailable)
rPois   .            (helmet restricted)
rElec   +            I - scarf "Loic" {shadows, +Blink Will+ Int+2}
rCorr   .            (gloves currently unavailable)
SInv    .            (no boots)
Will    +++..        F - amulet of reflection
Stlth   +            M - ring of willpower
HPRegen 0.37/turn    J - ring of willpower
MPRegen 0.18/turn

%: reflection
@: short of breath, blade hands, slowed, very slow
A: breathe lightning, AC +8, unfitting armour, electricity resistance,
cold-blooded
a: Breathe Lightning, End Transformation, Renounce Religion, Evoke Blink, Wall
Jump, Serpent's Lash


You were on level 14 of the Dungeon.
You worshipped Wu Jian.
Wu Jian was greatly pleased with you.
You had blades for hands.
You visited 2 branches of the dungeon, and saw 15 of its levels.

You collected 925 gold pieces.
You spent 192 gold pieces at shops.

Inventory:

Hand Weapons
 a - a +2 short sword of speed
 b - the +3 mace of Fortitude {speed, rN++ Will-}
   (You bought it in a shop on level 4 of the Dungeon)

   rN:        It greatly protects you from negative energy.
   Will:      It decreases your willpower.
 B - a +2 whip of electrocution
Armour
 q - an orb of light (melded)
 I - the scarf "Loic" (worn) {shadows, +Blink Will+ Int+2}
   (You found it on level 8 of the Dungeon)

   Int:       It affects your intelligence (+2).
   +Blink:    It lets you blink.
   Will:      It increases your willpower.
Magical Staves
 h - a staff of fire
 y - a staff of air
 L - a staff of conjuration
Jewellery
 d - a +6 ring of strength
 n - a ring of ice
 F - an amulet of reflection (around neck)
 J - a ring of willpower (right blade hand)
 M - a ring of willpower (left blade hand)
 N - a ring of fire
 S - a ring of positive energy
Wands
 i - a wand of paralysis (26)
 K - a wand of roots (7)
 O - a wand of flame (10)
 P - a wand of mindburst (9)
 T - a wand of quicksilver (6)
 U - a wand of polymorph (6)
Scrolls
 c - 2 scrolls of immolation
 g - a scroll of acquirement {unknown}
 j - 2 scrolls of blinking
 k - 9 scrolls of teleportation {unknown}
 l - 2 scrolls of fog
 p - a scroll of noise {unknown}
 s - 2 scrolls of fear
 x - 2 scrolls of magic mapping {unknown}
 z - a scroll of butterflies {unknown}
 A - 3 scrolls of enchant armour
 C - 4 scrolls of vulnerability
 D - 2 scrolls of amnesia
 E - a scroll of torment {unknown}
 G - 3 scrolls of enchant weapon {unknown}
 H - a scroll of poison {unknown}
 R - a scroll of silence {unknown}
 V - a scroll of identify
Potions
 e - 7 potions of flight
 f - 8 potions of heal wounds
 m - 2 potions of might
 o - 3 potions of curing
 r - 5 potions of berserk rage
 t - 2 potions of ambrosia
 u - a potion of attraction {unknown}
 v - 2 potions of mutation
 w - 6 potions of lignification
 Q - a potion of brilliance


   Skills:
 - Level 7.1 Fighting
 * Level 12.4 Dodging
 + Level 6.8 Unarmed Combat
 - Level 7.2 Spellcasting
 - Level 6.1 Hexes
 - Level 12.1 Transmutations
 - Level 6.0 Evocations


You had 6 spell levels left.
You knew the following spells:

 Your Spells              Type           Power      Damage    Failure   Level
a - Beastly Appendage     Tmut           100%       N/A       6%          1
b - Wereblood             Tmut           52%        N/A       7%          2
c - Spider Form           Tmut/Pois      29%        N/A       24%         3
d - Blade Hands           Tmut           26%        N/A       21%         5
e - Ice Form              Ice/Tmut       29%        N/A       43%         4
f - Yara's Violent Unrav  Hex/Tmut       20%        3d9       36%         5

Your spell library contained the following spells:

 Spells                   Type           Power      Damage    Failure   Level
 Tukima's Dance           Hex            30%        N/A       22%         3
 Ensorcelled Hibernation  Hex/Ice        36%        N/A       30%         2
 Ignite Poison            Fire/Tmut/Pois 22%        N/A       34%         3
 Portal Projectile        Hex/Tloc       36%        N/A       43%         3
 Petrify                  Tmut/Erth      29%        N/A       43%         4
 Anguish                  Hex/Necr       9%         N/A       71%         4
 Metabolic Englaciation   Hex/Ice        9%         N/A       92%         5
 Passage of Golubria      Tloc           6%         N/A       95%         4
 Statue Form              Tmut/Erth      19%        N/A       97%         6
 Freezing Cloud           Conj/Ice/Air   3%         6-21      99%         5
 Ozocubu's Refrigeration  Ice            3%         4d8       100%        7


Dungeon Overview and Level Annotations

Branches:
Dungeon (14/15)            Temple (1/1) D:6            Lair (0/5) D:9
    Orc (0/2) D:11
 Vaults: D:13-14

Altars:
Ashenzari
Cheibriados
Dithmenos
Elyvilon
Fedhas
Gozag
Hepliaklqana
Kikubaaqudgha
Makhleb
Nemelex Xobeh
Okawaru
Qazlal
Ru
Sif Muna
Trog
Uskayaw
Vehumet
Wu Jian
Xom
Yredelemnul
Zin
The Shining One

Shops:
D:4 (   D:6 (   D:10 =

Portals:
Trove: D:10 (show slimy rune of Zot)

Annotations:
D:10 vault need fly


Innate Abilities, Weirdness & Mutations

You have blades for hands.
Your spellcasting is less reliable in this form.
You are incapable of wielding weapons or throwing items.
You can breathe wild blasts of lightning.
Your glossy black scales are hard. (AC +8)
You cannot fit into any form of body armour.
You are resistant to electric shocks. (rElec)
You are cold-blooded and may be slowed by cold attacks.


Message History

The vault guard is almost dead.
The orb of electricity engulfs you. You resist.
The orb of electricity explodes!
The orb of electricity engulfs you. You resist.
The orb of electricity explodes!
The orb of electricity engulfs the vault guard!
The vault guard is almost dead.
The orb of electricity engulfs you. You resist.
The orb of electricity explodes!
The orb of electricity engulfs you. You resist.
The orb of electricity engulfs the vault guard!!
You kill the vault guard!
The Council accepts your kill.
A freezing mist starts to gather...
A vault guard simulacrum comes into view.
A human comes into view.
Your life force feels restored.
Unknown command.
Unknown command.
Unknown command.
You barely miss the vault guard simulacrum.
You tail-slap the vault guard simulacrum.
The vault guard simulacrum is lightly damaged.
A human comes into view.
Unknown command.
You barely miss the vault guard simulacrum.
You tail-slap the vault guard simulacrum.
You slash the vault guard simulacrum.
The vault guard simulacrum is moderately damaged.
The vault guard simulacrum hits you!
The vault guard simulacrum freezes you!!
You feel yourself slow down.
* * * LOW HITPOINT WARNING * * *
You barely miss the vault guard simulacrum.
You tail-slap the vault guard simulacrum.
The vault guard simulacrum is moderately damaged.
The vault guard simulacrum hits you!
* * * LOW HITPOINT WARNING * * *
The vault guard simulacrum freezes you!!
You feel as though you will be slow longer.
You die...

#################
#..††...........#
#.#############.#
#.# ..#...:.#@#
##.# c.'.....#Z#
.#.# p.'.)⌠..#.#
.#.# p.'.p...#p#
.#.# #.....#p#
.#.# ##p''##.#
.#.# #.....#.##
.'.# #.....'..#
.#.# #..⌠..'..#


You could see 2 humans and a vault guard simulacrum.

Vanquished Creatures
  A vault guard (D:14)
  3 centaur warriors
  6 two-headed ogres
  A tengu warrior (D:10)
  3 deep elf pyromancers
  Pikel (D:7)
  A necromancer (D:14)
  2 manticores (D:13)
  2 cyclopes
  An ugly thing (D:13)
  A spectral boulder beetle (D:11)
  A spectral centaur (D:11)
  2 centaur zombies (D:11)
  3 gargoyles
  2 unseen horrors
  2 komodo dragons
  A centaur skeleton (D:11)
  An efreet (D:13)
  2 trolls
  3 meliai (D:12)
  3 hornets
  The ghost of Fractals the Sneak, an amateur OpBr (D:4)
  9 slime creatures
  A spectral black mamba (D:11)
  Sigmund (D:4)
  11 flying skulls (D:11)
  A vampire (D:11)
  14 wraiths
  3 shadows
  8 yaks
  2 wyverns
  A basilisk (D:11)
  13 humans (D:14)
  14 vampire mosquitoes
  5 wargs (D:11)
  An acid dragon (D:9)
  2 water moccasins
  A hell hound (D:11)
  2 ice beasts (D:5)
  3 orc warriors
  3 boulder beetle simulacra (D:11)
  A black mamba simulacrum (D:11)
  3 ogres
  8 centaurs
  A phantom (D:6)
  3 lemures (D:7)
  5 bullfrogs
  7 scorpions
  14 howler monkeys
  An electric eel (D:7)
  3 iron imps (D:9)
  2 hounds (D:5)
  2 jellies
  A gnoll bouda (D:8)
  2 orc priests
  An iguana (D:6)
  19 orc wizards
  Natasha (thrice) (D:4)
  4 hell rats (D:11)
  2 boggart skeletons (D:11)
  Robin (D:4)
  A howler monkey zombie (D:11)
  13 adders
  3 gnolls (D:8)
  An ufetubus (D:4)
  A dart slug (D:1)
  38 orcs
  A bat (D:2)
  3 endoplasms
  13 goblins
  A hobgoblin (D:3)
  2 jackals (D:1)
  3 quokkas
  13 ball pythons
  4 frilled lizards (D:1)
  7 kobolds
  A rat (D:1)
326 creatures vanquished.

Notes
Turn   | Place    | Note
-------+----------+-------------------------------------------
     0 | D:1      | cdecastro the Draconian Transmuter began the quest for the
                  | Orb.
     0 | D:1      | Reached XP level 1. HP: 16/16 MP: 3/3
   126 | D:1      | Reached XP level 2. HP: 23/23 MP: 3/5
   992 | D:2      | Reached XP level 3. HP: 14/28 MP: 6/6
  1060 | D:2      | Found a faded altar of an unknown god.
  1947 | D:3      | Found a glowing silver altar of Zin.
  1958 | D:3      | Reached XP level 4. HP: 35/35 MP: 5/7
  1974 | D:3      | Found a blossoming altar of Fedhas.
  2599 | D:3      | Learned a level 2 spell: Wereblood
  2603 | D:3      | Learned a level 3 spell: Spider Form
  2634 | D:4      | Found Meed's Antique Weapon Emporium.
  2786 | D:4      | Noticed Natasha
  2793 | D:4      | Killed Natasha
  2794 | D:4      | Reached XP level 5. HP: 40/40 MP: 6/8
  2838 | D:4      | Noticed Sigmund
  2846 | D:4      | Killed Sigmund
  2847 | D:4      | Reached skill level 5 in Transmutations
  2847 | D:4      | Reached XP level 6. HP: 47/47 MP: 7/9
  2921 | D:4      | Found a runed translucent door.
  2922 | D:4      | Noticed Fractals's ghost (amateur OpBr)
  2960 | D:4      | Noticed Robin
  2983 | D:4      | Killed Robin
  3282 | D:4      | Noticed Natasha
  3295 | D:4      | Killed Natasha
  3352 | D:4      | Noticed Natasha
  3358 | D:4      | Killed Natasha
  3557 | D:4      | Bought a faintly glowing mace for 192 gold pieces
  3557 | D:4      | Identified the +3 mace of Fortitude {speed, rN++ Will-}
                  | (You bought it in a shop on level 4 of the Dungeon)
  3611 | D:5      | Entered Level 5 of the Dungeon
  3628 | D:5      | Reached skill level 5 in Unarmed Combat
  3650 | D:5      | Your scales start taking on a glossy black colour.
  3650 | D:5      | Reached XP level 7. HP: 52/52 MP: 8/10
  3650 | D:5      | Gained mutation: You are resistant to electric shocks.
                  | (rElec) [Black Draconian growth]
  4657 | D:5      | Reached XP level 8. HP: 32/59 MP: 7/11
  4754 | D:5      | Learned a level 5 spell: Blade Hands
  4787 | D:5      | Identified the +3 mace "Qiesum" {heavy, rElec MP+9 SInv
                  | Stlth+}
  5285 | D:6      | Found Waikleec's Weapon Emporium.
  5335 | D:6      | Found a staircase to the Ecumenical Temple.
  5348 | Temple   | Entered the Ecumenical Temple
  6836 | D:7      | Reached skill level 10 in Transmutations
  6836 | D:7      | Reached XP level 9. HP: 51/64 MP: 15/15
  7128 | D:7      | Learned a level 4 spell: Ice Form
  7387 | D:7      | Noticed Pikel
  7411 | D:7      | Killed Pikel
  7412 | D:7      | Reached skill level 5 in Spellcasting
  8232 | D:8      | Identified the +1 robe of Xigonemn {Slay+3}
  8340 | D:8      | Identified the scarf "Loic" {shadows, +Blink Will+ Int+2}
  8691 | D:7      | HP: 2/64 [bounced beam (9)]
  8903 | D:7      | Learned a level 5 spell: Yara's Violent Unravelling
  9024 | D:8      | Reached XP level 10. HP: 59/73 MP: 13/20
  9560 | D:9      | Noticed a two-headed ogre
  9578 | D:9      | Killed a two-headed ogre
  9579 | D:9      | Reached skill level 5 in Fighting
  9673 | D:9      | Found an ornate altar of the Wu Jian Council.
 10184 | D:9      | Became a worshipper of the Wu Jian Council
 10220 | D:9      | Identified the +2 whip "Nuymeoma" {antimagic, Int+3}
 10292 | D:9      | Found a staircase to the Lair.
 10518 | D:9      | Found a burning altar of Makhleb.
 10710 | D:9      | Noticed a two-headed ogre
 10715 | D:9      | Killed a two-headed ogre
 10874 | D:10     | Entered Level 10 of the Dungeon
 10874 | D:10     | Found Seawnakk's Jewellery Shoppe.
 11352 | D:10     | Noticed a gargoyle
 11361 | D:10     | Killed a gargoyle
 11463 | D:10     | Noticed a two-headed ogre
 11474 | D:10     | Killed a two-headed ogre
 11475 | D:10     | Reached skill level 1 in Hexes
 11475 | D:10     | Reached XP level 11. HP: 35/92 MP: 15/21
 11702 | D:10     | Noticed a tengu warrior
 11716 | D:10     | Killed a tengu warrior
 11892 | D:10     | Reached * piety under Wu Jian
 11962 | D:10     | Found an ancient bone altar of Kikubaaqudgha.
 12085 | D:10     | Noticed a two-headed ogre
 12093 | D:10     | Killed a two-headed ogre
 12094 | D:10     | Reached skill level 5 in Dodging
 12180 | D:10     | Found a portal to a secret trove of treasure.
 12279 | D:10     | Noticed a two-headed ogre
 12289 | D:10     | Killed a two-headed ogre
 12568 | D:11     | Found a staircase to the Orcish Mines.
 13222 | D:11     | Got Baxyresu's Lectures on Freezing Envenoming
 13270 | D:11     | Reached skill level 5 in Hexes
 13757 | D:11     | Noticed a two-headed ogre
 14050 | D:11     | Killed a two-headed ogre
 14249 | D:11     | Reached ** piety under Wu Jian
 14250 | D:11     | Reached XP level 12. HP: 87/100 MP: 22/22
 14326 | D:11     | Found a sacrificial altar of Ru.
 14560 | D:11     | Found Zusch's Assorted Antiques.
 15088 | D:11     | Reached skill level 1 in Evocations
 15414 | D:11     | Found an ancient bone altar of Kikubaaqudgha.
 16003 | D:4      | Killed Fractals's ghost
 16338 | D:12     | Reached skill level 10 in Dodging
 17293 | D:12     | Reached *** piety under Wu Jian
 17893 | D:13     | Noticed a centaur warrior
 17902 | D:12     | Killed a centaur warrior
 18422 | D:13     | Noticed a centaur warrior
 18427 | D:13     | Killed a centaur warrior
 18428 | D:13     | Reached skill level 5 in Evocations
 18772 | D:13     | Noticed a centaur warrior
 18779 | D:13     | Reached XP level 13. HP: 43/105 MP: 18/23
 20604 | D:14     | Reached **** piety under Wu Jian
 20737 | D:14     | Slain by a vault guard simulacrum

Illustrated notes

Levels and vault maps discovered:
D:1:      evilmike_arrival_plus, layout_basic, st_stairs_12
D:2:      layout_basic, nicolae_ecumenical_snake_handling
D:3:      layout_loops_ring, jmf_multi_god_temple
D:4:      layout_loops_cross, serial_bayou, serial_bayou_crossing,
          serial_bayou_lake_a, serial_bayou_pond_c, serial_bayou_shore_b,
          ebering_ghost_reflecting_pool, serial_shops,
          nicolae_shop_hallway_stairs, uniq_robin, uniq_natasha, uniq_sigmund
D:5:      layout_rooms, hex_medium, chequers_serial_rivers_large_a,
          nrook_mini_backslash
D:6:      layout_cave_pods, minmay_temple_entry_large_hall, serial_column_ruins,
          column_ruins_open_small, column_ruins_open_small,
          column_ruins_corridor_straight, column_ruins_open_large,
          column_ruins_corridor_straight, serial_shops, shop
D:7:      layout_gridville, kennysheep_donut, uniq_pikel
D:8:      layout_loops_cross, minmay_misc_feat_columns
D:9:      layout_stronghold, demons_altar, nzn_wu_jian_council_hall,
          david_lair_shrubbed
D:10:     layout_loops_corners, mainiacjoe_overflow_alcove_4, serial_shops,
          nicolae_stop_n_shop_1, nicolae_trove_entry_diagonal, evilmike_minifort
D:11:     lemuel_vampire_tower, layout_basic, david_orc_2, serial_shops,
          nicolae_shop_hallway_plus, hangedman_ru_absence
D:12:     layout_loops_corners
D:13:     layout_basic
D:14:     layout_roguey, grunt_vaults_entry_tiered, grunt_gozag_breadcrumbs,
          lightli_wizard_tower, uniq_lodul
Temple:   minmay_crystal_spiral_temple

Skill      XL: |  1  2  3  4  5  6  7  8  9 10 11 12 13 |
---------------+----------------------------------------+-----
Transmutations | 3 4 5 6 8 10 11 12 | 12.1
Unarmed Combat | 4 5 6 |  6.8
Spellcasting   | 4 7 |  7.2
Fighting       | 2 7 |  7.1
Dodging        | 4 8 11 12 | 12.4
Hexes          | 1 5 6 |  6.1
Evocations     | 5 6 |  6.0

Action                     |  1- 3 |  4- 6 |  7- 9 | 10-12 | 13-15 || total
---------------------------+-------+-------+-------+-------+-------++-------
  Melee: Unarmed           |    14 |       |    90 |   406 |    98 ||   608
         Kick              |     9 |    18 |    58 |    59 |     6 ||   150
         Short sword       |    74 |    82 |   176 |   169 |       ||   501
         Tailslap          |     6 |     9 |    42 |   110 |    24 ||   191
         Headbutt          |     4 |    18 |    40 |    27 |     4 ||    93
         Punch             |       |     1 |     1 |    14 |     5 ||    21
   Cast: Beastly Appendage |    24 |    25 |    30 |    15 |     1 ||    95
         Wereblood         |       |     1 |     1 |     5 |       ||     7
         Spider Form       |       |       |    10 |       |       ||    10
         Blade Hands       |       |       |     4 |    51 |    10 ||    65
         Ice Form          |       |       |       |     7 |       ||     7
Ability: Breathe Lightning |       |       |    13 |    11 |     1 ||    25
         Lunge             |       |       |       |    17 |     8 ||    25
         Whirlwind         |       |       |       |    11 |     7 ||    18
    Use: Potion            |       |       |     1 |     1 |       ||     2
         Scroll            |       |       |       |    16 |       ||    16
   Stab: Sleeping          |     1 |       |       |       |       ||     1
 Armour: Skin              |    15 |     7 |    70 |   125 |    18 ||   235
  Dodge: Dodged            |    53 |    39 |   167 |   296 |    59 ||   614
  Block: Orb               |       |       |       |    34 |     6 ||    40
         Other             |       |       |       |    74 |    16 ||    90
         Reflection        |       |       |       |     6 |     1 ||     7
